 Dungeon Crawl Stone Soup version 0.29.0-5-ge4962eb29e (webtiles) character file.

Game seed: 10457218551178504765

3514 enile the Fighter (level 10, -7/59 HPs)
             Began as a Kobold Brigand on Aug 30, 2022.
             Was a Priest of Hepliaklqana.
             Mangled by a gnoll sergeant
             ... wielding a +0 trident
              (9 damage)
             ... on level 7 of the Dungeon.
             The game lasted 00:10:52 (7850 turns).

enile the Fighter (Kobold Brigand)                  Turns: 7850, Time: 00:10:53

Health: -7/59      AC:  6    Str:  9    XL:     10   Next: 28%
Magic:  14/14      EV: 17    Int: 13    God:    Hepliaklqana [***...]
Gold:   566        SH:  0    Dex: 20    Spells: 12/15 levels left

rFire   . . .      SeeInvis .   e - +1 short sword (flame)
rCold   + . .      Faith    .   (no shield)
rNeg    . . .      Spirit   .   I - +1 leather armour {rC+}
rPois   .          Reflect  .   (no helmet)
rElec   .          Harm     .   c - +0 cloak
rCorr   .          Rampage  .   (no gloves)
Will    .....                   G - +0 pair of boots
Stlth   +++++.....              (no amulet)
HPRegen 0.19/turn               (no ring)
MPRegen 0.14/turn               (no ring)

@: studying Staves
A: reduced essence, small, no large weapons, nightstalker 3
a: Renounce Religion, Recall Ancestor, Ancestor Identity, Transference


You were on level 7 of the Dungeon.
You worshipped Hepliaklqana.
Hepliaklqana was most pleased with you.
You visited 1 branch of the dungeon, and saw 7 of its levels.
You also visited: Ossuary.

You collected 566 gold pieces.

Inventory:

Hand Weapons
 a - a +2 dagger
 e - a +1 short sword of flaming (weapon)
 k - a +1 short sword of holy wrath
 w - a +2 whip of electrocution
 x - a +0 rapier
 D - a +1 demon whip of electrocution
Missiles
 d - 4 poisoned darts (quivered)
 r - 4 curare-tipped darts
 M - 3 boomerangs
Armour
 b - a +0 robe
 c - a +0 cloak (worn)
 G - a +0 pair of boots (worn)
 I - a +1 leather armour of cold resistance (worn)
Jewellery
 s - a ring of wizardry
Wands
 u - a wand of paralysis (14)
 v - a wand of polymorph (18)
 A - a wand of roots (13)
 C - a wand of quicksilver (6)
Scrolls
 j - 2 scrolls of immolation
 l - 4 scrolls of fog
 m - 4 scrolls of teleportation
 n - 3 scrolls of silence {unknown}
 y - a scroll of amnesia
 E - a scroll of brand weapon {unknown}
 J - 2 scrolls of identify
 N - a scroll of vulnerability {unknown}
Potions
 f - a potion of resistance
 g - 6 potions of curing
 h - 2 potions of brilliance {unknown}
 i - a potion of ambrosia {unknown}
 o - a potion of magic {unknown}
 p - 2 potions of degeneration {unknown}
 q - 4 potions of might {unknown}
 t - 3 potions of flight
 z - a potion of invisibility {unknown}
 B - a potion of mutation {unknown}
 F - a potion of berserk rage {unknown}
 H - a potion of cancellation {unknown}
 K - 2 potions of haste
 L - a potion of attraction {unknown}


   Skills:
 - Level 9.0 Fighting
 - Level 7.0 Short Blades
 - Level 5.0 Throwing
 - Level 6.0 Dodging
 - Level 7.0 Stealth
 - Level 3.0 Spellcasting
 - Level 3.0 Hexes
 + Level 4.5 Invocations
 - Level 5.0 Evocations


You had 12 spell levels left.
You knew the following spells:

 Your Spells              Type           Power      Damage    Failure   Level
a - Confusing Touch       Hex            9%         N/A       28%         3

Your spell library contained the following spells:

 Spells                   Type           Power      Damage    Failure   Level
 Slow                     Hex            36%        N/A       10%         1
 Magic Dart               Conj           4%         1d3       32%         1
 Searing Ray              Conj           2%         2d4       43%         2
 Conjure Flame            Conj/Fire      1%         6-21      67%         3
 Ignite Poison            Fire/Tmut/Pois 1%         N/A       67%         3
 Vampiric Draining        Necr           1%         2d6       67%         3
 Fulminant Prism          Conj/Hex       2%         3d6       86%         4
 Sticky Flame             Conj/Fire      1%         2d3       97%         4


Dungeon Overview and Level Annotations

Branches:
Dungeon (7/15)            Ossuary (visited)
 Temple: D:4-7

Altars:
Hepliaklqana
Makhleb
Okawaru
Wu Jian
Xom
Zin


Innate Abilities, Weirdness & Mutations

Your life essence is reduced to manifest your ancestor. (-10% HP)
You are small and have problems with some larger weapons.
You are completely attuned to the shadows.


Message History

You hit the gnoll sergeant but do no damage.
The gnoll sergeant hits you with a +0 trident!
You hit the gnoll sergeant. You burn the gnoll sergeant.
The gnoll sergeant is lightly wounded.
You hit the gnoll sergeant. You burn the gnoll sergeant.
The gnoll sergeant is moderately wounded.
The gnoll sergeant hits you with a +0 trident!
* * * LOW HITPOINT WARNING * * *
Baqqanum barely misses the gnoll sergeant.
The gnoll sergeant hits you from afar with a +0 trident.
* * * LOW HITPOINT WARNING * * *
Baqqanum hits the gnoll sergeant with a +0 flail.
Things that are here:
a +0 shortbow; a centaur corpse Baqqanum barely misses the gnoll sergeant.
Items here: ( )) †.
r - 4 curare-tipped darts (gained 1)
You see here a +0 short sword.
The gnoll sergeant attacks as you move away!
The gnoll sergeant hits you with a +0 trident!
* * * LOW HITPOINT WARNING * * *
The gnoll sergeant completely misses you.
Press: ? - help, v - describe, . - travel, g - get item
Here: a gnoll sergeant, wielding a +0 trident and wearing a +0 scale mail (heavily wounded)
Items here: ( )) †.
The floor, spattered with blood.
Okay, then.
Okay, then.
Okay, then.
Unknown command.
Okay, then.
Okay, then.
Okay, then.
Aiming: Quicksilver Bolt
Press: ? - help, Shift-Dir - straight line, f - gnoll sergeant
Aim: a gnoll sergeant, wielding a +0 trident and wearing a +0 scale mail (heavily wounded, 81% to hit)
The bolt of dispelling energy hits the gnoll sergeant!
The gnoll sergeant is almost dead.
The gnoll sergeant hits you from afar with a +0 trident!
You die...

.. #..#.. #..# .#####..###
# #. ....#..# #.#.
...#..#.. #...
#####..#..#.. ####
#...gR.#..#.. #
#..)...#..#.. #.g#####..###
#..)@........ #...)).......
############# #.# #.#
###### ###### #.# ##.....
###....#####.### ##......
#..............#####.......
#..................#.......


You could see a gnoll sergeant.

Vanquished Creatures
  Pikel (D:4)
  Menkaure (D:5)
  4 water moccasins
  An ice beast (D:7)
  An ogre (D:5)
  4 lemures (D:4)
  An elf zombie (Ossuary)
  A phantom (D:7)
  2 scorpions
  A wight (D:6)
  Dowan (D:7)
  A human zombie (Ossuary)
  2 hounds
  2 orc priests (D:6)
  2 iguanas (D:5)
  Terence (D:2)
  A hound zombie (Ossuary)
  2 mummies (Ossuary)
  7 adders
  3 gnolls (D:6)
  3 dart slugs
  4 orcs
  3 bats
  5 endoplasms
  3 giant cockroaches (D:1)
  9 goblins
  10 hobgoblins
  4 jackals
  10 kobolds
  2 quokkas
  10 ball pythons
  A frilled lizard (D:1)
  A goblin zombie (Ossuary)
  A hobgoblin zombie (Ossuary)
  2 kobold zombies (Ossuary)
  An orc zombie (Ossuary)
  6 rats
  A rat zombie (Ossuary)
115 creatures vanquished.

Vanquished Creatures (collateral kills)
  Duvessa (D:7)
  An orc warrior (D:6)
  A sky beast (D:6)
  An ice beast (D:7)
  A black bear (D:5)
  An ogre (D:7)
  A centaur (D:7)
  A phantom (D:3)
  2 kobold brigands
  A gnoll sergeant (D:7)
  2 scorpions
  2 wights (D:6)
  A howler monkey (D:6)
  A jelly (D:4)
  A hound (D:6)
  A gnoll bouda (D:6)
  Ijyb (D:5)
  2 orc wizards
  3 hound zombies (Ossuary)
  2 mummies (Ossuary)
  9 gnolls
  3 adders
  2 white imps
  4 orcs
  2 ball pythons (D:4)
  An endoplasm (D:4)
  A goblin (D:3)
  4 hobgoblins
  4 kobolds
57 creatures vanquished.

Vanquished Creatures (others)
  A knight (D:4)
1 creature vanquished.

Grand Total: 173 creatures vanquished

Notes
Turn   | Place    | Note
-------+----------+-------------------------------------------
     0 | D:1      | enile the Kobold Brigand began the quest for the Orb.
     0 | D:1      | Reached XP level 1. HP: 12/12 MP: 1/1
   139 | D:1      | Reached XP level 2. HP: 18/18 MP: 2/2
   146 | D:1      | Reached skill level 3 in Fighting
   382 | D:1      | Reached XP level 3. HP: 22/23 MP: 3/3
   948 | D:2      | Reached XP level 4. HP: 26/28 MP: 4/4
   986 | D:2      | Noticed Terence
  1457 | D:2      | Killed Terence
  1458 | D:2      | Reached XP level 5. HP: 20/32 MP: 5/5
  1706 | D:2      | Found a faded altar of an unknown god.
  1913 | D:2      | Prayed at the altar of an unknown god.
  1913 | D:2      | Became a worshipper of Hepliaklqana the Forgotten
  1913 | D:2      | Reached * piety under Hepliaklqana
  2136 | D:3      | Noticed a water moccasin
  2162 | D:3      | Killed a water moccasin
  2163 | D:3      | Reached XP level 6. HP: 21/34 MP: 6/6
  2339 | D:3      | Reached skill level 4 in Fighting
  2737 | D:3      | Reached ** piety under Hepliaklqana
  2790 | D:3      | Remembered your ancestor Baqqanum as a knight
  2798 | D:3      | Reached skill level 5 in Fighting
  2990 | D:4      | Reached XP level 7. HP: 39/39 MP: 7/7
  3241 | D:4      | Found a shimmering altar of Xom.
  3355 | D:4      | Noticed Pikel
  3362 | D:4      | Killed Pikel
  3363 | D:4      | Reached skill level 5 in Short Blades
  3363 | D:4      | Reached skill level 7 in Fighting
  3363 | D:4      | Reached XP level 8. HP: 39/47 MP: 8/8
  3419 | D:4      | Reached skill level 1 in Invocations
  3714 | D:4      | Found a glowing silver altar of Zin.
  4406 | D:5      | Entered Level 5 of the Dungeon
  4407 | D:5      | Noticed Ijyb
  4409 | D:5      | Killed Ijyb
  4684 | D:5      | Found an iron altar of Okawaru.
  4709 | D:5      | Reached skill level 1 in Evocations
  4791 | D:5      | Reached XP level 9. HP: 51/51 MP: 12/12
  4938 | D:5      | Noticed Menkaure
  4942 | D:5      | Killed Menkaure
  5101 | D:5      | Reached *** piety under Hepliaklqana
  5119 | D:5      | Reached skill level 5 in Evocations
  5618 | D:6      | Found an ornate altar of the Wu Jian Council.
  5747 | D:6      | Found a burning altar of Makhleb.
  5775 | D:6      | Reached skill level 5 in Throwing
  5941 | D:6      | Learned a level 3 spell: Confusing Touch
  6205 | D:6      | Reached skill level 8 in Fighting
  7055 | D:7      | Found a sand-covered staircase.
  7088 | D:7      | Reached skill level 1 in Hexes
  7098 | D:7      | Noticed Duvessa
  7101 | D:7      | Killed Duvessa
  7162 | D:7      | Noticed Dowan
  7167 | D:7      | Killed Dowan
  7168 | D:7      | Reached skill level 1 in Spellcasting
  7206 | Ossuary  | Entered an ossuary
  7279 | Ossuary  | Reached XP level 10. HP: 58/58 MP: 13/13
  7757 | D:7      | Reached skill level 9 in Fighting
  7782 | D:7      | Reached skill level 5 in Dodging
  7849 | D:7      | HP: 1/59 [gnoll sergeant/+0 trident (8)]
  7850 | D:7      | Mangled by a gnoll sergeant

Illustrated notes

Levels and vault maps discovered:
D:1:      minmay_arrival_shattered_statue, layout_basic
D:2:      layout_basic, basic_ecumenical_altar, uniq_terence
D:3:      layout_loops_ring
D:4:      layout_basic, lemuel_round_altar, overflow_temple_1_default,
          grunt_ministairs_12, uniq_pikel
D:5:      layout_basic, marbit_many_paths, kennysheep_cluttered_room,
          hangedman_abyss_or_decor_passed, uniq_menkaure, uniq_ijyb
D:6:      layout_rooms, chequers_temple_overflow_statue_of_worship
D:7:      kennysheep_windowed_halls, layout_cave_pods, elyvilon_altar_5,
          minmay_temple_entry_hall, nicolae_ossuary_entry_false_entrances,
          minmay_misc_feat_plants, minmay_shop_enchanted_jewellery, uniq_duvessa

Skill      XL: |  1  2  3  4  5  6  7  8  9 10 |
---------------+-------------------------------+-----
Fighting       | 3 5 7 8 9 |  9.0
Dodging        | 2 3 4 6 |  6.0
Stealth        | 6 7 |  7.0
Throwing       | 4 5 |  5.0
Short Blades   | 3 5 7 |  7.0
Invocations    | 4 |  4.5
Evocations     | 2 5 |  5.0
Hexes          | 3 |  3.0
Spellcasting   | 1 3 |  3.0

Action                   |  1- 3 |  4- 6 |  7- 9 | 10-12 || total
-------------------------+-------+-------+-------+-------++-------
Melee: Dagger            |    54 |    16 |    72 |       ||   142
       Short sword       |    20 |    74 |    68 |    74 ||   236
       Punch             |       |       |     1 |       ||     1
       Demon whip        |       |       |     3 |       ||     3
Throw: Dart              |     1 |    18 |    15 |     2 ||    36
Invok: Ancestor Life: Kn |       |     1 |       |       ||     1
Evoke: Wand              |       |       |     2 |     1 ||     3
  Use: Scroll            |     3 |     2 |     4 |       ||     9
       Potion            |       |     5 |       |       ||     5
 Stab: Sleeping          |    15 |    13 |    16 |     8 ||    52
       Distracted        |       |     1 |     1 |       ||     2
Armor: Robe              |    11 |    11 |    12 |       ||    34
       Leather armour    |       |       |       |     9 ||     9
Dodge: Dodged            |    43 |    65 |   108 |    47 ||   263
